[Event "December 5 Late 2023"]
[Site "https://www.chess.com"]
[Date "2023.12.05"]
[Round "6"]
[White "Spichkin, Alexander"]
[Black "Hajiyev, Kanan"]
[Result "1-0"]
[Board "98"]
[TimeControl "180+1"]
[WhiteFideId "4144074"]
[BlackFideId "13404148"]
[WhiteElo "2383"]
[BlackElo "2531"]
[WhiteTeam "RUS"]
[BlackTeam "AZE"]
[WhiteClock "0:01:04"]
[BlackClock "0:00:01"]

1. f4 d5 2. Nf3 c5 3. e3 g6 4. Be2 Bg7 5. O-O Nh6 6. d3 O-O 7. c3 Nc6 8. Qe1 e5 9. e4 exf4 10. Bxf4 dxe4 11. dxe4 Ng4 12. Qg3 Re8 13. Nbd2 Nge5 14. Rad1 Qe7 15. Nxe5 Nxe5 16. Nc4 Nxc4 17. Bxc4 Be6 18. Bd6 Qd7 19. Be2 Qc6 20. Bf3 Bxa2 21. e5 Qb6 22. Rfe1 Be6 23. Qf2 Rac8 24. b4 cxb4 25. Qxb6 axb6 26. cxb4 Rc2 27. Bxb7 b5 28. Rc1 Rc4 29. Ba6 Rxc1 30. Rxc1 Bc4 31. Re1 f6 32. Bb7 fxe5 33. Bc5 Bf8 34. Bc6 Re6 35. Bd7 Bxc5+ 36. bxc5 Re7 37. c6 Be6 38. Rxe5 Rxd7 39. cxd7 Bxd7 40. Re7 Bc6 41. Rc7 Bd5 42. g4 b4 43. Rc5 Be6 44. Rg5 b3 45. h3 Bc4 46. Re5 Kg7 47. Re7+ Kh6 48. Rb7 Kg5 49. Kh2 h5 50. Kg3 h4+ 51. Kf2 Kf4 52. Rb4 Ke5 53. Rxc4 Kd5 54. Rb4 b2 55. Rxb2 1-0

[Event "December 5 Late 2023"]
[Site "https://www.chess.com"]
[Date "2023.12.05"]
[Round "6"]
[White "Figorito, Nick"]
[Black "Sanchez Alvares, Kelvin Antonio"]
[Result "0-1"]
[Board "99"]
[TimeControl "180+1"]
[WhiteFideId "30923689"]
[BlackFideId "3906680"]
[WhiteElo "2382"]
[BlackElo "2521"]
[WhiteTeam "USA"]
[BlackTeam "VEN"]
[WhiteClock "0:00:05"]
[BlackClock "0:00:49"]

1. Nf3 d5 2. g3 Nf6 3. Bg2 c6 4. O-O Bf5 5. c4 e6 6. d3 Nbd7 7. Nc3 h6 8. Bf4 Be7 9. Qb3 Qb6 10. Qxb6 axb6 11. Ne5 g5 12. Nxd7 Nxd7 13. Bd2 Bg6 14. cxd5 exd5 15. d4 b5 16. a3 Nb6 17. e4 Nc4 18. Bc1 dxe4 19. Bxe4 Bxe4 20. Nxe4 O-O-O 21. b3 Na5 22. Nd2 Bf6 23. Bb2 Bxd4 24. Bxd4 Rxd4 25. Nf3 Rd5 26. b4 Nc4 27. Rfe1 Rhd8 28. Re7 Rd1+ 29. Rxd1 Rxd1+ 30. Kg2 Rd7 31. Re8+ Kc7 32. Ne5 Nxe5 33. Rxe5 b6 34. h4 Kd6 35. Re8 gxh4 36. gxh4 Re7 37. Rh8 Re6 38. Rb8 Kc7 39. Rf8 Rf6 40. Ra8 c5 41. bxc5 bxc5 42. Kf1 Kb7 43. Rd8 Kc6 44. Ra8 Kd5 45. Ke2 Kc4 46. Rc8 Rf4 47. h5 Rf5 48. Rc7 Kd4 49. Rb7 c4 50. Kd1 Kc3 51. Ke2 Kb3 52. Ra7 c3 53. Kd3 Rxf2 54. Rc7 Rf3+ 55. Ke2 Rf5 56. a4 b4 57. a5 Rxa5 58. Rxf7 Rxh5 59. Ra7 Kb2 60. Rg7 b3 61. Rg1 c2 62. Kd2 Rd5+ 63. Ke3 Rd1 64. Rg6 c1=Q+ 65. Ke4 Qc2+ 66. Ke5 Qxg6 67. Kf4 Rd4+ 68. Ke3 Qe4+ 69. Kf2 Rd2+ 70. Kg1 Qb1# 0-1

[Event "December 5 Late 2023"]
[Site "https://www.chess.com"]
[Date "2023.12.05"]
[Round "6"]
[White "Hadzovic, Amir"]
[Black "YurasovMat-2012"]
[Result "0-1"]
[Board "101"]
[TimeControl "180+1"]
[WhiteFideId "14402300"]
[WhiteElo "2510"]
[BlackElo "2381"]
[WhiteTeam "BIH"]
[WhiteClock "0:00:00"]
[BlackClock "0:01:07"]

1. e4 e5 2. Nc3 Nf6 3. f4 d5 4. fxe5 Nxe4 5. Qf3 Nxc3 6. bxc3 Nc6 7. d4 Be7 8. Bd3 O-O 9. Ne2 f6 10. Qh5 f5 11. O-O g6 12. Qh6 Be6 13. Nf4 Bf7 14. Nh3 Qd7 15. Bg5 Be6 16. Rf3 Nd8 17. g4 fxg4 18. Bxg6 Ba3 19. Bf6 gxf3 20. Ng5 Rxf6 21. Bxh7+ Kh8 22. Bg6+ Kg8 0-1

[Event "December 5 Late 2023"]
[Site "https://www.chess.com"]
[Date "2023.12.05"]
[Round "6"]
[White "Ferreira, Vitor Hugo Vieira"]
[Black "Su, Dion"]
[Result "1-0"]
[Board "102"]
[TimeControl "180+1"]
[WhiteFideId "2119765"]
[BlackFideId "2029731"]
[WhiteElo "2509"]
[BlackElo "2379"]
[WhiteTeam "BRA"]
[BlackTeam "USA"]
[WhiteClock "0:00:06"]
[BlackClock "0:00:02"]

1. d4 Nf6 2. c4 e6 3. Nf3 c5 4. d5 b5 5. dxe6 fxe6 6. cxb5 d5 7. e3 Bd6 8. Nc3 O-O 9. e4 dxe4 10. Ng5 Qe7 11. Ngxe4 Bc7 12. Bg5 Nbd7 13. Bd3 Bb7 14. O-O h6 15. Bh4 g5 16. Bg3 e5 17. h4 g4 18. Qd2 Qg7 19. Rae1 Rad8 20. Nxf6+ Nxf6 21. Bc4+ Kh8 22. Qe3 Rde8 23. Rd1 Nh5 24. Bd5 Bc8 25. Ne4 Nf4 26. Bc6 Rd8 27. Nxc5 Bb6 28. b4 Rde8 29. Rfe1 Re7 30. Kh2 Bf5 31. Bxf4 exf4 32. Qxe7 g3+ 33. Kh1 Rf7 34. Rd8+ Kh7 35. Qe8 gxf2 36. Rf1 Qg4 37. Qh8+ Kg6 38. Rg8+ 1-0

[Event "December 5 Late 2023"]
[Site "https://www.chess.com"]
[Date "2023.12.05"]
[Round "6"]
[White "Akhayan, Ruben"]
[Black "Rogov, Matfey"]
[Result "0-1"]
[Board "103"]
[TimeControl "180+1"]
[WhiteFideId "204439"]
[BlackFideId "44191308"]
[WhiteElo "2379"]
[BlackElo "2506"]
[WhiteTeam "BEL"]
[BlackTeam "RUS"]
[WhiteClock "0:00:02"]
[BlackClock "0:00:01"]

1. e4 a6 2. d4 e6 3. h4 b5 4. Bg5 Be7 5. Nf3 Bb7 6. Bd3 d5 7. e5 Nd7 8. c3 c5 9. a3 h6 10. Be3 c4 11. Bc2 Nb6 12. Nbd2 a5 13. Nf1 Bc6 14. Ng3 Kd7 15. Nd2 Qf8 16. h5 f5 17. Qf3 Bg5 18. Nxf5 exf5 19. Bxf5+ Kc7 20. Bxg5 hxg5 21. g4 Qe7 22. Qg3 Kb7 23. O-O Nh6 24. Bc2 Qe6 25. f3 Be8 26. b3 g6 27. bxc4 bxc4 28. hxg6 Bxg6 29. Bxg6 Qxg6 30. Rab1 Qd3 31. Rb2 Qe3+ 32. Kg2 Kc6 33. Rfb1 Rab8 34. Nf1 Qxc3 35. e6 Qxd4 36. e7 Qf4 37. Qf2 d4 38. Ng3 Rh7 39. Rb5 Rxe7 40. Ne4 Nxg4 41. Rc5+ Kb7 42. Qxd4 Ne3+ 43. Kg1 Rxe4 44. Qd7+ Ka6 45. Qb5+ Kb7 46. Qxb6+ Ka8 47. Qc6+ Ka7 48. Rxc4 Qg3+ 49. Kh1 Qg2# 0-1

[Event "December 5 Late 2023"]
[Site "https://www.chess.com"]
[Date "2023.12.05"]
[Round "6"]
[White "Rees, Ioan"]
[Black "Buenafe Moya, Javier"]
[Result "1-0"]
[Board "104"]
[TimeControl "180+1"]
[WhiteFideId "1801236"]
[BlackFideId "2206412"]
[WhiteElo "2497"]
[BlackElo "2371"]
[WhiteTeam "WLS"]
[BlackTeam "ESP"]
[WhiteClock "0:00:28"]
[BlackClock "0:00:28"]

1. e4 e5 2. Nf3 Nc6 3. Bc4 Bc5 4. d3 Nf6 5. c3 O-O 6. Bg5 h6 7. Bh4 g5 8. Nxg5 hxg5 9. Bxg5 d6 10. Qf3 Kg7 11. Qg3 Qd7 12. Qh4 Ng8 13. b4 Nxb4 14. cxb4 Bd4 15. O-O Bxa1 16. f4 Bd4+ 17. Kh1 Qg4 18. Qe1 Be6 19. h3 Qh5 20. Nd2 Bxc4 21. Nxc4 f6 22. Bh4 Nh6 23. g4 Qe8 24. g5 fxg5 25. Bxg5 exf4 26. Qh4 Qg6 27. Bxf4 Rf7 28. Bxh6+ Qxh6 29. Rxf7+ Kg6 30. Qxh6+ Kxh6 31. Rxc7 Rg8 32. Nxd6 Bb6 33. Nf5+ Kh5 34. Rg7 Rd8 35. Rg3 Bc7 36. Rf3 Be5 37. d4 Bxd4 38. Rd3 Bf6 39. Rxd8 Bxd8 40. Kg2 Kg5 41. Kf3 Bf6 42. h4+ Kg6 43. Kf4 Bc3 44. b5 Kf6 45. h5 Be5+ 46. Ke3 a5 47. Kd3 b6 48. h6 Ke6 49. Kc4 Bf6 50. a4 Be5 51. Ne3 Kf6 52. Nd5+ Kg6 53. Nxb6 Kxh6 54. Kd5 Bb8 55. Nc4 Kg7 56. Nxa5 Kf8 57. Nc6 Bc7 58. a5 Ke8 59. a6 Kd7 60. a7 Bb8 61. a8=Q Kc7 62. Qxb8+ Kd7 63. Qd8# 1-0

[Event "December 5 Late 2023"]
[Site "https://www.chess.com"]
[Date "2023.12.05"]
[Round "6"]
[White "Sari, Yasin"]
[Black "Reprintsev, Alexander"]
[Result "1-0"]
[Board "105"]
[TimeControl "180+1"]
[WhiteFideId "6320902"]
[BlackFideId "14100541"]
[WhiteElo "2371"]
[BlackElo "2496"]
[WhiteTeam "TUR"]
[BlackTeam "UKR"]
[WhiteClock "0:00:22"]
[BlackClock "0:00:34"]

1. d4 d5 2. Bf4 Nf6 3. e3 c5 4. c3 Qb6 5. Qb3 c4 6. Qc2 g6 7. Nd2 Bf5 8. Qc1 Nc6 9. f3 Bg7 10. g4 Be6 11. Bg2 O-O 12. Ne2 h5 13. h3 Rac8 14. Ng3 h4 15. Ne2 a5 16. Bg5 Bd7 17. f4 Nh7 18. Bxh4 g5 19. Bf2 gxf4 20. Nxf4 e5 21. Nxd5 Qa6 22. O-O b5 23. Ne4 Be6 24. Nc5 Qa7 25. Qc2 Rcd8 26. Nf4 Nxd4 27. exd4 exf4 28. Bh4 Rc8 29. Rxf4 b4 30. Raf1 Rxc5 31. dxc5 Qxc5+ 32. Bf2 Qc7 33. Bd4 Bxd4+ 34. cxd4 Rd8 35. d5 Bxd5 36. Bxd5 Rxd5 37. Rxf7 Qc5+ 38. Kh1 Rd3 39. Qg2 Ng5 40. Qa8+ 1-0

[Event "December 5 Late 2023"]
[Site "https://www.chess.com"]
[Date "2023.12.05"]
[Round "6"]
[White "Ladan, Nicholas"]
[Black "Kostiukov, Alexandr"]
[Result "1-0"]
[Board "106"]
[TimeControl "180+1"]
[WhiteFideId "30918855"]
[BlackFideId "14108100"]
[WhiteElo "2473"]
[BlackElo "2368"]
[WhiteTeam "USA"]
[BlackTeam "UKR"]
[WhiteClock "0:00:37"]
[BlackClock "0:00:51"]

1. e4 c5 2. Nc3 g6 3. Bc4 Bg7 4. d3 Nc6 5. a3 e6 6. Nge2 Nge7 7. O-O O-O 8. Ba2 d5 9. f3 a6 10. Qe1 Nd4 11. Nxd4 cxd4 12. Nd1 Qc7 13. Rf2 b5 14. Re2 Bb7 15. Nf2 Rac8 16. Bg5 f6 17. Bh4 e5 18. Rc1 Bh6 19. Rd1 Be3 20. Kh1 g5 21. Bg3 h5 22. Nh3 Kg7 23. Bf2 Bxf2 24. Nxf2 Rcd8 25. Rc1 Ng6 26. g3 Qd6 27. Kg2 Rh8 28. Qb4 Qb6 29. a4 Qd6 30. Qxd6 Rxd6 31. axb5 axb5 32. Bxd5 Bxd5 33. exd5 f5 34. Ra1 Rf8 35. c4 dxc3 36. bxc3 Rxd5 37. c4 Rc5 38. Ra5 Rfc8 39. Rxb5 Rxb5 40. cxb5 Rb8 41. Rb2 Rb6 42. Nd1 Kf6 43. Nc3 Ke6 44. Na4 Rb8 45. b6 Kd5 46. b7 Ne7 47. Nb6+ Kc6 48. Nc4 Rxb7 49. Na5+ 1-0

[Event "December 5 Late 2023"]
[Site "https://www.chess.com"]
[Date "2023.12.05"]
[Round "6"]
[White "Gutkin, Ilya"]
[Black "NovakRatko"]
[Result "1-0"]
[Board "107"]
[TimeControl "180+1"]
[WhiteFideId "16203470"]
[WhiteElo "2363"]
[BlackElo "2472"]
[WhiteTeam "GER"]
[WhiteClock "0:00:07"]
[BlackClock "0:00:00"]

1. e4 d5 2. exd5 c6 3. dxc6 Nxc6 4. Nf3 e5 5. Bb5 Bd6 6. d4 exd4 7. Nxd4 Ne7 8. Nxc6 Nxc6 9. O-O O-O 10. Nc3 Bf5 11. Bd3 Bxd3 12. Qxd3 Nb4 13. Qe4 Re8 14. Qxb7 Nxc2 15. Rb1 Qh4 16. g3 Qh3 17. Qg2 Qf5 18. Bd2 Nd4 19. Be3 Nf3+ 20. Kh1 g5 21. Rfd1 Rad8 22. Rd5 Qf6 23. Qh3 Be5 24. Rxd8 Rxd8 25. Ne4 Qg6 26. Qg4 f5 27. Qxf3 fxe4 28. Qg4 Bf6 29. Rd1 Rxd1+ 30. Qxd1 Bxb2 31. Qb3+ Qf7 32. Qb8+ Kg7 33. Qxb2+ Kg6 34. Qe2 h5 35. Kg2 Qd5 36. Qa6+ Kf5 37. Qc8+ Kg6 38. Qe8+ Kh6 39. Qe7 a5 40. h4 1-0

[Event "December 5 Late 2023"]
[Site "https://www.chess.com"]
[Date "2023.12.05"]
[Round "6"]
[White "Nery Junior, Jose Antonio"]
[Black "Ventura Bolet, Maxim"]
[Result "0-1"]
[Board "108"]
[TimeControl "180+1"]
[WhiteFideId "2104822"]
[BlackFideId "22238824"]
[WhiteElo "2361"]
[BlackElo "2470"]
[WhiteTeam "BRA"]
[BlackTeam "ESP"]
[WhiteClock "0:00:00"]
[BlackClock "0:00:05"]

1. e4 Nf6 2. e5 Nd5 3. Nc3 e6 4. Nf3 d6 5. d4 c5 6. Bb5+ Nc6 7. Bxc6+ bxc6 8. Nxd5 cxd5 9. O-O cxd4 10. Qxd4 dxe5 11. Nxe5 Bd6 12. Nc6 Qf6 13. c3 Bd7 14. Qxf6 gxf6 15. Nd4 e5 16. Re1 O-O 17. Nc2 Rab8 18. Ne3 Be6 19. Rd1 Rb5 20. c4 Rc5 21. b4 Rcc8 22. c5 Bb8 23. Nxd5 Kg7 24. Be3 f5 25. Ne7 Rcd8 26. Nc6 Rc8 27. Nxb8 Rxb8 28. a3 f4 29. Bd2 f6 30. Bc3 Rfc8 31. Kf1 a5 32. Ke1 Kg6 33. Rd6 Kf5 34. f3 Bc4 35. Rad1 Bb3 36. R1d2 axb4 37. axb4 Ra8 38. Rb6 Ra4 39. Kf2 Bc4 40. Rdd6 Rf8 41. Rd2 Ra3 42. Bb2 Rb3 43. c6 Rc8 44. Rc2 Bd5 45. b5 Be6 46. Rb7 Bd5 47. g3 Bxc6 48. bxc6 Rxb7 49. cxb7 Rxc2+ 50. Kf1 Rxb2 51. g4+ Kg5 0-1

[Event "December 5 Late 2023"]
[Site "https://www.chess.com"]
[Date "2023.12.05"]
[Round "6"]
[White "Coca, Cristi-Iulian"]
[Black "Micic, Aleksa"]
[Result "0-1"]
[Board "109"]
[TimeControl "180+1"]
[WhiteFideId "1237004"]
[BlackFideId "989940"]
[WhiteElo "2469"]
[BlackElo "2351"]
[WhiteTeam "ROU"]
[BlackTeam "SRB"]
[WhiteClock "0:00:42"]
[BlackClock "0:01:13"]

1. e4 c5 2. c3 e6 3. d4 d5 4. exd5 Qxd5 5. Nf3 Nf6 6. Bd3 Nc6 7. Na3 a6 8. Nc4 Qd8 9. Nfe5 Nxe5 10. Nxe5 cxd4 11. cxd4 Bb4+ 12. Bd2 Bxd2+ 13. Qxd2 O-O 14. O-O b5 15. a4 Bb7 16. Rfe1 g6 17. axb5 axb5 18. Rxa8 Qxa8 19. Bxb5 Bxg2 20. Qf4 Kg7 21. f3 Bh3 22. Bc6 Qb8 23. Qxf6+ Kxf6 24. Nd7+ Ke7 25. Nxb8 Rxb8 26. Re2 Kd6 27. Be4 Bf5 28. Kf2 Rb4 29. Ke3 Rb3+ 30. Kf4 Bxe4 31. fxe4 Rd3 32. Kg5 Ke7 33. Kh6 Rh3+ 34. Kg5 h6+ 35. Kf4 Rd3 36. d5 exd5 37. exd5+ Kd6 38. b4 Rd4+ 39. Re4 Kxd5 40. Rxd4+ Kxd4 41. b5 Kc5 42. Ke5 f5 43. Kf6 f4 44. Kxg6 f3 45. Kxh6 f2 46. h4 f1=Q 47. h5 Qf7 48. Kg5 Kxb5 49. h6 Qh7 0-1

[Event "December 5 Late 2023"]
[Site "https://www.chess.com"]
[Date "2023.12.05"]
[Round "6"]
[White "youngdinousaur"]
[Black "Sroczynski, Maciej"]
[Result "1-0"]
[Board "110"]
[TimeControl "180+1"]
[BlackFideId "1121472"]
[WhiteElo "2325"]
[BlackElo "2463"]
[BlackTeam "POL"]
[WhiteClock "0:00:40"]
[BlackClock "0:00:00"]

1. d4 d5 2. Nf3 Nf6 3. Bf4 c5 4. e3 a6 5. c3 Nc6 6. Qc2 Qb6 7. Nbd2 g6 8. Be2 Bg7 9. O-O O-O 10. Ne5 Nxe5 11. Bxe5 Bf5 12. Qb3 Qc6 13. dxc5 Nd7 14. Bxg7 Kxg7 15. Bf3 e6 16. Rfd1 Nxc5 17. Qa3 b5 18. Nb3 Rfc8 19. Nxc5 Qxc5 20. Qxc5 Rxc5 21. g4 Be4 22. Bxe4 dxe4 23. Rd4 f5 24. Rd7+ Kh6 25. Rad1 fxg4 26. Re7 Re5 27. Rdd7 Rc8 28. Rxh7+ Kg5 29. Ra7 Rd8 30. Rhd7 Rxd7 31. Rxd7 Rd5 32. Ra7 Rd2 33. Rxa6 Rxb2 34. Rxe6 Kf5 35. Rb6 Kg5 36. a4 Rc2 37. Rxb5+ Kh4 38. Kg2 Rxc3 39. Rb4 Kg5 40. Rxe4 Kf5 41. Rb4 Ra3 42. Rb5+ Ke4 43. a5 1-0

[Event "December 5 Late 2023"]
[Site "https://www.chess.com"]
[Date "2023.12.05"]
[Round "6"]
[White "Shton, Roman"]
[Black "Mazzilli, Piero"]
[Result "1/2-1/2"]
[Board "111"]
[TimeControl "180+1"]
[WhiteFideId "14137461"]
[BlackFideId "807087"]
[WhiteElo "2457"]
[BlackElo "2324"]
[WhiteTeam "UKR"]
[BlackTeam "ITA"]
[WhiteClock "0:00:05"]
[BlackClock "0:00:03"]

1. d4 d5 2. Nf3 c6 3. g3 Bf5 4. Bg2 e6 5. c4 h6 6. Nc3 Nf6 7. Qb3 Qb6 8. c5 Qxb3 9. axb3 Nbd7 10. b4 Be7 11. b5 O-O 12. bxc6 bxc6 13. Bf4 g5 14. Be5 g4 15. Nh4 Nxe5 16. Nxf5 exf5 17. dxe5 Nd7 18. h3 Nxe5 19. hxg4 Nxg4 20. Ra6 Bxc5 21. f3 Ne3 22. Bh3 Rab8 23. Na4 Bd4 24. Rxc6 Bxb2 25. Rxh6 Kg7 26. Bf1 Nxf1 27. Kxf1 Bd4 28. Rh7+ Kf6 29. R7h6+ Ke7 30. Kg2 Rh8 31. Rxh8 Rxh8 32. Rd1 Bf6 33. Rxd5 Re8 34. Rxf5 Ke6 35. Ra5 Re7 36. e4 Bd4 37. f4 Kd7 38. Kf3 Kc7 39. Rd5 Bb6 40. Nc3 Kc6 41. Rf5 a5 42. g4 Kb7 43. g5 Rc7 44. Nd5 Rd7 45. Rf6 Bc5 46. g6 fxg6 47. Rxg6 a4 48. f5 a3 49. Rg2 Bd4 50. f6 Bb2 51. Kf4 Kc6 52. Nb4+ Kb5 53. Na2 Bxf6 54. e5 Bxe5+ 55. Kxe5 Ra7 56. Rg3 Ka4 57. Kd4 Rd7+ 58. Kc5 Rc7+ 59. Kb6 Rc2 60. Nc3+ Kb4 61. Nd5+ Ka4 62. Nc3+ Kb4 63. Nd5+ Ka4 64. Nc3+ 1/2-1/2

[Event "December 5 Late 2023"]
[Site "https://www.chess.com"]
[Date "2023.12.05"]
[Round "6"]
[White "Silvestre, Christian"]
[Black "Uryupin, Igor"]
[Result "1-0"]
[Board "112"]
[TimeControl "180+1"]
[WhiteFideId "30956269"]
[BlackFideId "4182529"]
[WhiteElo "2324"]
[BlackElo "2456"]
[WhiteTeam "USA"]
[BlackTeam "RUS"]
[WhiteClock "0:00:07"]
[BlackClock "0:00:00"]

1. e4 e6 2. Qe2 c5 3. Nf3 Nc6 4. Nc3 g6 5. b3 Bg7 6. Bb2 Nge7 7. O-O-O O-O 8. h4 h5 9. e5 d5 10. exd6 Qxd6 11. Ne4 Qc7 12. Nf6+ Bxf6 13. Bxf6 Nd5 14. Bb2 f6 15. Qe4 Qf7 16. g4 hxg4 17. Qxg4 e5 18. Qg3 Nf4 19. Kb1 Be6 20. Rg1 Kg7 21. Bb5 Nd4 22. Nxd4 cxd4 23. Bxd4 a6 24. Bf1 Bf5 25. Be3 Qc7 26. d3 Rac8 27. Rc1 Rh8 28. Rh1 a5 29. Bxf4 exf4 30. Qf3 a4 31. Qd5 axb3 32. axb3 Rhd8 33. Qb5 Qc3 34. h5 Rb8 35. hxg6 Ra8 36. Qxb7+ Bd7 37. Rh7+ Kxg6 38. Qe4+ f5 39. Rg7+ Kxg7 40. Qe7+ Kg8 41. Qg5+ Kf7 42. Qh5+ Kf6 43. Qh6+ Ke5 44. Qg7+ Kd5 45. Qxc3 Bc6 46. Bg2+ f3 47. Bxf3+ Kd6 48. Qxc6+ Ke7 49. Qc5+ Kf7 50. Qxf5+ Ke7 51. Re1+ Kd6 52. Re4 1-0

[Event "December 5 Late 2023"]
[Site "https://www.chess.com"]
[Date "2023.12.05"]
[Round "6"]
[White "Mizzi, Jack"]
[Black "Rian, Kapriaga"]
[Result "0-1"]
[Board "113"]
[TimeControl "180+1"]
[WhiteFideId "5602521"]
[BlackFideId "7103263"]
[WhiteElo "2455"]
[BlackElo "2318"]
[WhiteTeam "MLT"]
[BlackTeam "INA"]
[WhiteClock "0:00:03"]
[BlackClock "0:00:02"]

1. d4 Nf6 2. c4 e6 3. g3 d5 4. Bg2 Be7 5. Nf3 O-O 6. O-O dxc4 7. Ne5 Nc6 8. Bxc6 bxc6 9. Nxc6 Qe8 10. Nxe7+ Qxe7 11. Qc2 e5 12. dxe5 Qxe5 13. Bf4 Qh5 14. Qxc4 Bh3 15. Rd1 Be6 16. Qd3 Ng4 17. h4 h6 18. f3 Nf6 19. Bxc7 g5 20. Qd4 Nd5 21. Bd6 Rfd8 22. Ba3 Rd7 23. Qe4 Rad8 24. Nd2 Nf6 25. Qe5 Rxd2 26. Rxd2 Rxd2 27. Qxf6 gxh4 28. Qxh4 Qe5 29. Re1 Qe3+ 30. Kg2 Rxe2+ 31. Rxe2 Qxe2+ 32. Kg1 Qe1+ 33. Kg2 Qe2+ 34. Kg1 Qxf3 35. Qxh6 Qd1+ 36. Kf2 Qc2+ 37. Ke1 Qe4+ 38. Kd2 Qd4+ 39. Kc2 Bf5+ 40. Kb3 Be6+ 41. Kc2 Bf5+ 42. Kc1 Qg1+ 43. Kd2 Qg2+ 44. Kc3 Qxg3+ 45. Kb4 Qb8+ 46. Kc3 Qe5+ 47. Kc4 Be6+ 48. Kb4 Qd4+ 49. Kb5 Qb6+ 50. Ka4 Bd7+ 51. Qc6 Bxc6# 0-1

[Event "December 5 Late 2023"]
[Site "https://www.chess.com"]
[Date "2023.12.05"]
[Round "6"]
[White "Rose, Felix"]
[Black "Rios Escobar, Adan"]
[Result "0-1"]
[Board "114"]
[TimeControl "180+1"]
[WhiteFideId "5105722"]
[BlackFideId "3403645"]
[WhiteElo "2313"]
[BlackElo "2449"]
[WhiteTeam "MEX"]
[BlackTeam "CHI"]
[WhiteClock "0:00:03"]
[BlackClock "0:00:03"]

1. e4 c6 2. d4 d5 3. e5 Bf5 4. h4 h5 5. Bd3 Bxd3 6. Qxd3 Qa5+ 7. Bd2 Qa6 8. e6 Qxd3 9. exf7+ Kxf7 10. cxd3 Nd7 11. Nf3 Nh6 12. Bxh6 Rxh6 13. O-O e6 14. Re1 Be7 15. g3 Rg8 16. Ng5+ Bxg5 17. hxg5 Rhh8 18. Nd2 h4 19. Re3 Rh5 20. f4 hxg3 21. Rxg3 Rgh8 22. Rf1 Rh1+ 23. Kf2 R8h2+ 24. Rg2 Kg6 25. Rxh1 Rxh1 26. Kg3 Rd1 27. Re2 Kf7 28. a3 a5 29. b4 a4 30. Kf3 Ra1 31. Kg4 Rxa3 32. Nf3 Rxd3 33. g6+ Kf6 34. Ng5 Nf8 35. Ra2 a3 36. b5 cxb5 37. Rc2 Rxd4 38. Rc7 Kxg6 39. Rc8 a2 40. Rxf8 a1=Q 41. Nxe6 Qg1+ 42. Kf3 Qf1+ 43. Kg4 Qe2+ 44. Kh4 Qxe6 45. Kg3 Rd3+ 46. Kh4 Qh3# 0-1

[Event "December 5 Late 2023"]
[Site "https://www.chess.com"]
[Date "2023.12.05"]
[Round "6"]
[White "Liu, Casper"]
[Black "Skibbe, Willi"]
[Result "1-0"]
[Board "115"]
[TimeControl "180+1"]
[WhiteFideId "1454153"]
[BlackFideId "4682190"]
[WhiteElo "2446"]
[BlackElo "2310"]
[WhiteTeam "DEN"]
[BlackTeam "GER"]
[WhiteClock "0:00:52"]
[BlackClock "0:00:00"]

1. d4 d5 2. Bf4 Nf6 3. e3 c5 4. Nf3 Qb6 5. Qc1 Nc6 6. dxc5 Qxc5 7. c4 Bg4 8. Nbd2 d4 9. a3 e5 10. b4 Qe7 11. Bg5 h6 12. Bxf6 Qxf6 13. Ne4 Qg6 14. Bd3 Bxf3 15. gxf3 Qg2 16. Ke2 f5 17. Rg1 Qxh2 18. Ng3 dxe3 19. Qxe3 f4 20. Bg6+ Kd8 21. Rad1+ Kc7 22. Qe4 fxg3 23. Rxg3 Be7 24. b5 Qh4 25. Rg4 Qf6 26. bxc6 bxc6 27. Be8 g5 28. Rd7+ Kb6 29. Qb1+ Ka5 30. c5 Bxc5 31. Qb3 1-0

[Event "December 5 Late 2023"]
[Site "https://www.chess.com"]
[Date "2023.12.05"]
[Round "6"]
[White "Topalov, Aleksandar"]
[Black "Chlpik, Martin"]
[Result "1-0"]
[Board "116"]
[TimeControl "180+1"]
[WhiteFideId "925659"]
[BlackFideId "14923351"]
[WhiteElo "2445"]
[BlackElo "2264"]
[WhiteTeam "SRB"]
[BlackTeam "SVK"]
[WhiteClock "0:01:56"]
[BlackClock "0:00:12"]

1. b3 e5 2. Bb2 Nc6 3. e3 d5 4. Bb5 Ne7 5. d4 a6 6. Bxc6+ Nxc6 7. dxe5 Bb4+ 8. Nc3 Nxe5 9. a3 Bg4 10. Qd4 Bd6 11. Nxd5 Qd7 12. f3 Be6 13. O-O-O O-O-O 14. Ne2 Nc6 15. Qa4 Qe8 16. e4 f6 17. Kb1 Be5 18. Nec3 Nd4 19. Qxe8 Rhxe8 20. f4 Bxd5 21. exd5 Ne2 22. fxe5 1-0

[Event "December 5 Late 2023"]
[Site "https://www.chess.com"]
[Date "2023.12.05"]
[Round "6"]
[White "Arnold, Ken"]
[Black "Golubenko, Valentina"]
[Result "1/2-1/2"]
[Board "117"]
[TimeControl "180+1"]
[WhiteFideId "2056836"]
[BlackFideId "4501993"]
[WhiteElo "2431"]
[BlackElo "2243"]
[WhiteTeam "USA"]
[BlackTeam "CRO"]
[WhiteClock "0:00:22"]
[BlackClock "0:00:14"]

1. d4 Nf6 2. Nf3 c5 3. c3 cxd4 4. Nxd4 Nc6 5. Nxc6 bxc6 6. g3 g6 7. Bg2 Bg7 8. O-O O-O 9. e4 d5 10. exd5 cxd5 11. Bg5 e6 12. Nd2 Qb6 13. Qb3 Ba6 14. Rfe1 Qc7 15. Bf4 Qd7 16. Rad1 Rfc8 17. Ne4 Nxe4 18. Bxe4 Bc4 19. Qc2 Bxa2 20. b3 Bxc3 21. Re3 Qb5 22. Qxa2 dxe4 23. Rxe4 Bg7 24. Ra4 Rd8 25. Rd6 Rxd6 26. Bxd6 Rd8 27. Ra6 Be5 28. Qa3 Bxd6 29. Rxd6 Rxd6 30. Qxd6 Qxb3 31. Qd8+ Kg7 32. Qd4+ Kg8 33. Qd8+ Kg7 34. Qd4+ Kg8 35. Qd8+ 1/2-1/2

[Event "December 5 Late 2023"]
[Site "https://www.chess.com"]
[Date "2023.12.05"]
[Round "6"]
[White "Curtis, John"]
[Black "DCacheiro"]
[Result "1/2-1/2"]
[Board "118"]
[TimeControl "180+1"]
[WhiteFideId "3200256"]
[WhiteElo "2220"]
[BlackElo "2427"]
[WhiteTeam "AUS"]
[WhiteClock "0:00:14"]
[BlackClock "0:00:08"]

1. d4 Nf6 2. Nf3 g6 3. g3 Bg7 4. Bg2 O-O 5. O-O d6 6. c4 c5 7. Nc3 Nc6 8. h3 cxd4 9. Nxd4 Nxd4 10. Qxd4 Be6 11. Qd3 Qc8 12. Nd5 Nxd5 13. cxd5 Bxh3 14. Bxh3 Qxh3 15. Bg5 Qd7 16. Rab1 Rac8 17. Be3 b6 18. Bd4 Bxd4 19. Qxd4 Rc5 20. Kg2 Rfc8 21. b3 Qb5 22. Rh1 Rxd5 23. Qh4 Rh5 24. Qxe7 Qc6+ 25. e4 Re8 26. Rbc1 Qa8 27. Qf6 Qxe4+ 28. Qf3 Rxh1 29. Qxe4 Rxe4 30. Kxh1 Re2 31. Kg2 Rxa2 32. Rc7 Ra3 33. b4 a5 34. bxa5 bxa5 35. Ra7 a4 36. Ra5 Kg7 37. Rd5 Rc3 38. Rxd6 a3 39. Ra6 h5 40. f4 Kf8 41. Ra7 Rc2+ 42. Kh3 a2 43. g4 f6 44. gxh5 gxh5 45. Kh4 Ke8 46. Kxh5 Rg2 47. Kh4 Kd8 48. Kh3 Rc2 49. Kg4 Kc8 50. Kf5 Kb8 51. Ra3 Kb7 52. Kxf6 Rc6+ 53. Ke7 Ra6 54. Rxa2 Rxa2 55. f5 Re2+ 56. Kd7 Rf2 57. Ke7 Kc6 58. f6 Re2+ 59. Kd8 Rf2 60. Ke7 Re2+ 61. Kd8 Rf2 62. Ke7 1/2-1/2

[Event "December 5 Late 2023"]
[Site "https://www.chess.com"]
[Date "2023.12.05"]
[Round "6"]
[White "Play, Gilles"]
[Black "Jing, Andrew"]
[Result "1-0"]
[Board "119"]
[TimeControl "180+1"]
[WhiteFideId "45130892"]
[BlackFideId "30984076"]
[WhiteElo "2421"]
[BlackElo "2216"]
[WhiteTeam "FRA"]
[BlackTeam "USA"]
[WhiteClock "0:00:08"]
[BlackClock "0:00:00"]

1. f4 Nf6 2. Nf3 g6 3. e3 Bg7 4. d4 d5 5. Bd3 O-O 6. Ne5 c5 7. c3 Nc6 8. Nd2 Nd7 9. h4 f6 10. Nxc6 bxc6 11. h5 f5 12. g4 Nf6 13. hxg6 hxg6 14. g5 Ne4 15. Nf3 c4 16. Bc2 Kf7 17. Rh7 Rh8 18. Ne5+ Ke6 19. Rxg7 Rh1+ 20. Ke2 Rxd1 21. Rxg6+ Nf6 22. Kxd1 Qh8 23. Bd2 Qh1+ 24. Be1 Bb7 25. Rh6 Qg2 26. gxf6 exf6 27. Bh4 Qf1+ 28. Kd2 Qxa1 29. Rxf6+ Ke7 30. Rxc6+ Ke8 31. Re6+ Kf8 32. Rf6+ Ke8 33. Ba4+ Ke7 34. Rf7+ Kd6 35. Be7+ Kc7 36. Bb4+ Kb6 37. Nd7+ Kc7 38. Nc5+ Kc8 39. Rf8+ Kc7 40. Ba5+ Kd6 41. Nxb7+ Ke6 42. Rxa8 Qxb2+ 43. Bc2 Qxb7 44. Rf8 Ke7 45. Rxf5 Qb5 46. Bb4+ Ke6 47. Re5+ Kf6 48. f5 a5 49. Re6+ Kg5 50. Bc5 a4 51. Rg6+ Kh5 52. f6 Qb2 53. f7 Qb8 54. Rg8 Qb2 55. f8=Q Qxa2 56. Qf5+ 1-0